 Dungeon Crawl Stone Soup version 0.27.0-1-g7a089689b8 (webtiles) character file.

Game seed: 3683203964603065446

128227 robertstho the Eclecticist (level 17, -4/120 HPs)
             Began as a Djinni Fire Elementalist on Aug 10, 2021.
             Was an Initiate of Gozag.
             Killed from afar by a thorn hunter (8 damage)
             ... with a volley of thorns
             ... on level 4 of the Swamp.
             The game lasted 01:24:13 (39113 turns).

robertstho the Eclecticist (DjFE)                  Turns: 39113, Time: 01:24:14

Health: -4/120     AC: 21    Str:  7    XL:     17   Next: 58%
Gold:   3926       EV: 12    Int: 28    God:    Gozag SH: 17 Dex: 19

rFire    + + +     SeeInvis .   C - +3 Elemental Staff {rElec rF++ rC++ Will++ AC+5}
rCold    + . .     Faith    .   o - +3 kite shield of the Invisible Artisans {Dex+4}
rNeg     . . .     Spirit   .   A - +3 troll leather armour of the Monk {Regen+ Int+5}
rPois    ∞         Reflect  +   c - +1 hat
rElec    +         Harm     .   M - scarf {rC+ rF+}
rCorr    .         Rampage  .   J - +2 pair of gloves
Will     +++..                  (boots unavailable)
Stlth    +++.......             D - amulet of reflection
HPRegen  1.30/turn              t - +4 ring of protection
MPRegen  0.00/turn              K - ring of fire

@: about to teleport, flying, very slightly contaminated, invisible
A: sickness immunity, fire resistance 2, cold vulnerability 1, float, innate
caster, hp casting, extra vitality 1
a: Renounce Religion, Potion Petition, Call Merchant, Bribe Branch


You were on level 4 of the Swamp.
You worshipped Gozag.
Gozag was most pleased with you.
You visited 4 branches of the dungeon, and saw 25 of its levels.
You also visited: Volcano.

You collected 11236 gold pieces.
You spent 5100 gold pieces at shops.
You paid 2210 gold pieces to Gozag.

Inventory:

Hand Weapons
 C - the +3 Elemental Staff (weapon) {rElec rF++ rC++ Will++ AC+5}
   (You bought it in a shop on level 2 of the Orcish Mines)

   If the wielder is skilled in Evocations, they can discharge powerful blasts
   of elemental energy when striking with it.
   It enhances your fire, ice, earth and air magic.
   AC:        It affects your AC (+5).
   rF:        It greatly protects you from fire.
   rC:        It greatly protects you from cold.
   rElec:     It insulates you from electricity.
   Will:      It greatly increases your willpower.
 Q - a +2 scimitar of flaming
 U - the +8 arc blade {discharge, rElec}
   (You found it on level 3 of the Lair of Beasts)

   It occasionally unleashes powerful arcs of lightning upon striking a foe.
   These may arc to other adjacent creatures (including the wielder, but dealing
   reduced damage to them) before grounding out.
   rElec:     It insulates you from electricity.
Armour
 c - a +1 hat (worn)
 d - a +1 cloak of stealth
 f - a scarf of invisibility
 n - the +1 robe of Circular Logic {+Inv rCorr Int+2}
   (You found it on level 4 of the Dungeon)

   Int:       It affects your intelligence (+2).
   +Inv:      It lets you turn invisible.
   rCorr:     It protects you from acid and corrosion.
 o - the +3 kite shield of the Invisible Artisans (worn) {Dex+4}
   (You found it on level 4 of the Dungeon)

   Dex:       It affects your dexterity (+4).
 w - the +13 chain mail of the Eternal Void {rPois Slay+5}
   (You found it on level 3 of the Lair of Beasts)

   Slay:      It affects your accuracy & damage with ranged weapons and melee
   (+5).
   rPois:     It protects you from poison.
 A - the +3 troll leather armour of the Monk (worn) {Regen+ Int+5}
   (You bought it in a shop on level 2 of the Orcish Mines)

   Int:       It affects your intelligence (+5).
   Regen:     It increases your rate of health regeneration.
 H - the +0 robe of Subjectivity {rN++ Str+4}
   (You found it on level 9 of the Dungeon)

   Str:       It affects your strength (+4).
   rN:        It greatly protects you from negative energy.
 J - a +2 pair of gloves (worn)
 M - a scarf of resistance (worn)
 Z - a +2 robe of fire resistance
Jewellery
 s - a ring of see invisible
 t - a +4 ring of protection (left hand)
 D - an amulet of reflection (around neck)
 K - a ring of fire (right hand)
 R - a +6 ring of strength
 S - a ring of willpower
 T - the ring of Bevuevump {*Corrode rC- Str+9 Dex+6 Slay+3}
   (You found it on level 3 of the Lair of Beasts)

   [ring of dexterity]

   Str:       It affects your strength (+9).
   Dex:       It affects your dexterity (+6).
   Slay:      It affects your accuracy & damage with ranged weapons and melee
   (+3).
   rC:        It makes you vulnerable to cold.
   *Corrode:  It may corrode you when you take damage.
 V - the ring "Epumm" {Contam Fly Will+ Str+6 Dex+4}
   (You found it on level 3 of the Lair of Beasts)

   [ring of flight]

   Str:       It affects your strength (+6).
   Dex:       It affects your dexterity (+4).
   Fly:       It grants you flight.
   Contam:    It causes magical contamination when unequipped.
   Will:      It increases your willpower.
Wands
 i - a wand of iceblast (24)
 q - a wand of digging (17)
 r - a wand of flame (13)
 v - a wand of mindburst (59)
 L - a wand of charming (8)
Scrolls
 a - 6 scrolls of magic mapping
 e - a scroll of blinking
 p - 7 scrolls of enchant armour
 x - 2 scrolls of summoning
 y - 3 scrolls of brand weapon
 B - 6 scrolls of identify
 E - 5 scrolls of enchant weapon
 F - 2 scrolls of immolation
 G - 3 scrolls of teleportation
 O - 3 scrolls of fear
 W - a scroll of acquirement
 X - 3 scrolls of silence
 Y - 2 scrolls of holy word
Potions
 b - 4 potions of mutation
 g - a potion of ambrosia
 h - 6 potions of heal wounds
 j - 41 potions of curing
 k - 5 potions of might
 l - 3 potions of resistance
 m - a potion of berserk rage
 u - 2 potions of haste
 z - 2 potions of invisibility
 P - 2 potions of cancellation
Miscellaneous
 I - a phantom mirror
 N - a box of beasts


   Skills:
 * Level 10.5 Fighting
 + Level 2.7 Short Blades
 + Level 1.1 Staves
 * Level 4.8 Armour
 + Level 5.1 Dodging
 + Level 5.3 Stealth
 + Level 3.9 Shields
 * Level 19.2 Spellcasting


You had 6 spell levels left.
You knew the following spells:

 Your Spells              Type           Power      Damage    Failure   Level
a - Foxfire               Conj/Fire      100%       2x1d9     0%          1
b - Conjure Flame         Conj/Fire      100%       6-21      0%          3
c - Inner Flame           Hex/Fire       100%       N/A       0%          3
d - Sticky Flame          Conj/Fire      100%       2d11      1%          4
e - Fireball              Conj/Fire      70%        3d26      1%          5
f - Animate Skeleton      Necr           100%       N/A       0%          1
g - Static Discharge      Conj/Air       100%       N/A       0%          2
h - Call Imp              Summ           94%        N/A       0%          2
i - Summon Lightning Spi  Summ/Air       100%       N/A       1%          4
j - Lightning Bolt        Conj/Air       58%        1d80      1%          5
k - Summon Forest         Summ/Tloc      47%        N/A       1%          5
l - Eringya's Noxious Bo  Tmut/Pois      47%        N/A       1%          6
m - Orb of Destruction    Conj           47%        9d15      3%          7
Your spell library was empty.

Dungeon Overview and Level Annotations

Branches:
Dungeon (13/15)            Temple (0/1) D:6            Lair (6/6) D:9
  Swamp (4/4) Lair:4        Snake (0/4) Lair:2        Slime (0/5) Lair:6
    Orc (2/2) D:11            Elf (0/3) Orc:2       Volcano (visited)
 Vaults: D:13-14

Altars:
Ashenzari
Cheibriados
Dithmenos
Fedhas
Gozag
Hepliaklqana
Kikubaaqudgha
Makhleb
Sif Muna
Trog
Wu Jian
Xom
The Shining One
Beogh

Shops:
D:6 !   D:13 !   Orc:1 !   Orc:2 ?![!*[   Lair:3 !


Innate Abilities, Weirdness & Mutations

You are immune to sickness and miasma.
You are immune to poison.
Your flesh is very heat resistant. (rF++)
You are vulnerable to cold. (rC-)
You float through the air rather than walking.
You learn spells naturally, not from books.
Your magical power is your life essence.
You have superior vitality. (+4 HP)


Message History

The shambling mangrove hits the briar patch.
The grasping roots constrict you!
Unknown command.
You escape the roots' grasp.
The thorn hunter fires a volley of thorns at you.
The volley of thorns hits you!
The shambling mangrove hits the briar patch!
The thorn hunter fires a volley of thorns at you.
The volley of thorns reflects off an invisible shield around you!
The volley of thorns hits the thorn hunter!!
The thorn hunter fires a volley of thorns at you.
The volley of thorns hits you!!
The shambling mangrove hits something.
You see here 12 gold pieces.
As you read the scroll of teleportation, it crumbles to dust.
You feel strangely unstable.
The thorn hunter fires a volley of thorns at you.
The volley of thorns hits you!!
* * * LOW HITPOINT WARNING * * *
The shambling mangrove hits the briar patch!!
The briar patch is destroyed!
You fade into invisibility!
The thorn hunter fires a volley of thorns at you.
The volley of thorns reflects off an invisible shield around you!
The volley of thorns misses the thorn hunter.
You are very lightly contaminated with residual magic.
You feel much better.
The briar patch crumbles away.
The thorn hunter fires a volley of thorns at you.
The volley of thorns hits you!!
* * * LOW HITPOINT WARNING * * *
Unknown command.
You feel much better.
The thorn hunter fires a volley of thorns at you.
The volley of thorns hits you!!
* * * LOW HITPOINT WARNING * * *
The shambling mangrove hits the briar patch!!
The briar patch is destroyed!
The thorn hunter fires a volley of thorns at you.
The volley of thorns hits you!
You die...
Your body crumbles into a pile of gold.

♣♣♣ .≈♣♣♣♣♣♣♣♣♣♣♣♣♣
♣♣♣
≈≈≈♣♣..≈♣≈≈≈≈≈♣♣♣.≈♣♣
≈§≈≈.≈≈.♣≈≈≈≈.♣♣≈...♣
≈≈≈≈.≈..♣≈≈≈PPPPPP.♣
.≈≈≈≈≈♣♣≈≈..##.PP#♣#
.≈§≈≈.≈≈≈≈.###≈≈§##
.<≈<..[≈≈)####..$.#
≈≈..)....≈# #≈.≈@§##
≈≈≈≈..≈≈♣♣##.§♣.§≈≈♣♣
≈≈≈≈..≈## ♣....♣≈.≈♣
.≈♣♣.≈≈# ≈≈..♣.≈≈PPP♣
≈.♣♣♣###
#..♣♣.#♣♣♣.P♣ ≈.≈♣
#.# ##


ff♣ ≈≈## . Pf. ≈## ..}♣ ≈# ≈.≈. You could see a thorn hunter and 2 shambling
mangroves.

Vanquished Creatures
  The ghost of Suryr the Thaumaturge, an adept GnWz of Sif Muna (Swamp:2)
  Donald (Orc:2)
  A fenstrider witch (Swamp:2)
  2 orc warlords
  2 ghouls (Swamp:3)
  A stone giant (D:12)
  2 vampire knights (Swamp:4)
  A red draconian (Volcano)
  3 bunyips
  2 eleionomae
  2 shambling mangroves (Swamp:4)
  A ghost crab (Swamp:4)
  A catoblepas (Lair:3)
  14 hydras
  2 boulder beetles
  A centaur warrior (D:13)
  An ogre mage (Volcano)
  8 alligators
  A tengu warrior (D:13)
  8 death yaks
  The ghost of bnorton916 the Destroyer, a journeyman DECj of Qazlal (D:10)
  12 two-headed ogres
  A spriggan berserker (Swamp:2)
  3 spriggans
  A goliath frog (Swamp:4)
  4 bog bodies
  A death drake (Swamp:2)
  A spriggan druid (Swamp:4)
  A phantasmal warrior (Swamp:4)
  2 orc knights
  5 swamp dragons
  2 flayed ghosts
  A spectral hydra (Swamp:4)
  A deep elf pyromancer (D:10)
  2 will-o-the-wisps
  5 cyclopes
  6 manticores
  7 elephants
  3 black mambas
  2 molten gargoyles (Volcano)
  9 cane toads
  2 torpor snails
  2 freezing wraiths (Swamp:4)
  6 rime drakes
  11 komodo dragons
  An unseen horror (D:12)
  2 kobold demonologists
  A tengu conjurer (D:13)
  A bloated husk (Swamp:2)
  3 death drake zombies (Swamp:4)
  7 polar bears
  10 trolls
  7 hornets
  5 blink frogs (Lair:4)
  4 tyrant leeches
  2 slime creatures (D:12)
  3 dream sheep (Lair:5)
  A death drake skeleton (Swamp:4)
  A human (shapeshifter) (D:13)
  A shadow (D:9)
  A wraith (D:12)
  3 wyverns
  2 fire bats (Volcano)
  39 yaks
  4 basilisks
  2 steam dragons
  9 wargs
  2 nagas (Lair:2)
  11 swamp worms
  13 water moccasins
  3 hydra simulacra (Swamp:4)
  A hornet zombie (D:7)
  2 ice beasts
  36 orc warriors
  6 swamp drakes
  2 sky beasts
  A black bear (Lair:1)
  2 necrophages
  7 ogres
  3 swamp dragon zombies (Swamp:4)
  10 centaurs
  4 wolves (Lair:4)
  A swamp dragon skeleton (Swamp:4)
  2 kobold brigands
  10 bullfrogs
  3 scorpions
  3 killer bees
  9 electric eels
  A howler monkey (D:8)
  7 lava snakes (Volcano)
  4 centaur zombies
  8 orc priests
  5 hounds
  A centaur skeleton (D:6)
  2 gnoll shamans
  Crazy Yiuf (D:4)
  7 iguanas
  Ijyb (D:4)
  17 orc wizards
  2 killer bee zombies
  A hound zombie (D:5)
  2 hound skeletons
  A howler monkey zombie (D:6)
  13 gnolls
  8 adders
  A shadow imp (D:4)
  2 white imps (D:6)
  A worm (D:4)
  3 dart slugs (D:1)
  88 orcs
  5 bats
  5 endoplasms
  2 giant cockroaches
  9 goblins
  13 hobgoblins
  5 quokkas
  7 ball pythons
  10 frilled lizards
  16 kobolds
  4 rats
638 creatures vanquished.

Vanquished Creatures (collateral kills)
  Nikola (Swamp:1)
  Roxanne (Swamp:1)
  A thorn hunter (Swamp:2)
  A fenstrider witch (Swamp:1)
  A hydra zombie (Swamp:4)
  A ghoul (Swamp:3)
  2 eleionomae
  5 hydras
  A ghost crab (Swamp:2)
  3 catoblepae (Lair:6)
  4 death yaks
  2 alligators (Swamp:1)
  Urug (Orc:2)
  An orc high priest (Orc:2)
  A spriggan berserker (Swamp:2)
  2 goliath frogs
  A fire crab (shapeshifter) (D:13)
  A swamp dragon (Swamp:4)
  A spectral hydra (Swamp:4)
  A spriggan druid (Swamp:4)
  A lindwurm (Lair:4)
  3 orc knights (Orc:2)
  2 will-o-the-wisps
  2 manticores
  4 oklob plants (Lair:3)
  An elephant (Lair:2)
  A moth of wrath (D:10)
  A black mamba (Lair:4)
  2 cane toads (Lair:3)
  2 unseen horrors (D:13)
  A rime drake (Lair:4)
  An efreet (D:13)
  3 tyrant leeches
  The ghost of Strat the Chopper, an amateur MiAK of Lugonu (D:6)
  2 trolls (Orc:2)
  A hornet (Swamp:3)
  7 blink frogs (Lair:4)
  4 dream sheep (Lair:5)
  A spriggan (Swamp:3)
  19 yaks
  A shadow (D:10)
  A vampire mosquito (D:12)
  A basilisk (Lair:3)
  A naga (Lair:2)
  7 swamp worms
  A hydra simulacrum (Swamp:4)
  17 orc warriors
  2 ogres (Orc:2)
  2 centaurs (D:13)
  3 bullfrogs
  4 orc priests
  4 orc wizards (Orc:2)
  14 orcs
  7 foxfires (D:6)
156 creatures vanquished.

Vanquished Creatures (others)
  2 orc knights (Orc:1)
  A swamp worm (Swamp:4)
  An ogre (Orc:1)
  An orc priest (Orc:1)
  2 orc wizards (Orc:1)
  3 orcs (Orc:1)
  4 briar patches (Swamp:4)
  1225 foxfires
  40 fungi
  112 plants
  8 snaplasher vines
1399 creatures vanquished.

Grand Total: 2193 creatures vanquished

Notes
Turn   | Place    | Note
-------+----------+-------------------------------------------
     0 | D:1      | robertstho the Djinni Fire Elementalist began the quest for
                  | the Orb.
     0 | D:1      | Reached XP level 1. HP: 15/15 MP: 0/0
   454 | D:1      | Reached XP level 2. HP: 19/21 MP: 0/0
   798 | D:1      | Reached skill level 3 in Spellcasting
  1064 | D:1      | Reached XP level 3. HP: 25/25 MP: 0/0
  1064 | D:1      | Learned a level 1 spell: Animate Skeleton
  2445 | D:2      | Found a faded altar of an unknown god.
  2664 | D:3      | Reached XP level 4. HP: 11/31 MP: 0/0
  2916 | D:3      | Found a snail-covered altar of Cheibriados.
  2965 | D:3      | Reached skill level 1 in Fighting
  2976 | D:3      | Reached XP level 5. HP: 21/37 MP: 0/0
  2976 | D:3      | Learned a level 2 spell: Static Discharge
  3204 | D:3      | Found an opulent altar of Gozag.
  3218 | D:3      | Became a worshipper of Gozag Ym Sagoz the Greedy
  3388 | D:3      | Reached skill level 4 in Spellcasting
  4119 | D:3      | Reached XP level 6. HP: 32/42 MP: 0/0
  4238 | D:3      | Noticed an ice beast
  4246 | D:3      | Killed an ice beast
  4417 | D:4      | Reached XP level 7. HP: 34/48 MP: 0/0
  4417 | D:4      | Learned a level 2 spell: Call Imp
  4521 | D:4      | Reached skill level 5 in Spellcasting
  4665 | D:4      | Noticed Ijyb
  4671 | D:4      | Killed Ijyb
  4774 | D:4      | Identified the +1 robe of Circular Logic {+Inv rCorr Int+2}
  4906 | D:4      | Identified the +3 kite shield of the Invisible Artisans
                  | {Dex+4}
  4984 | D:4      | Found a hazy altar of Hepliaklqana.
  5316 | D:4      | Found a runed translucent door.
  5317 | D:4      | Noticed Crazy Yiuf
  5325 | D:4      | Killed Crazy Yiuf
  5392 | D:5      | Entered Level 5 of the Dungeon
  5650 | D:5      | Reached skill level 1 in Short Blades
  5812 | D:5      | Reached XP level 8. HP: 50/55 MP: 0/0
  6421 | D:5      | Reached skill level 6 in Spellcasting
  6884 | D:5      | Found a broken altar of Ashenzari.
  7112 | D:6      | Found a staircase to the Ecumenical Temple.
  7597 | D:6      | Reached skill level 7 in Spellcasting
  7916 | D:6      | Reached XP level 9. HP: 57/61 MP: 0/0
  7916 | D:6      | Learned a level 4 spell: Summon Lightning Spire
  8175 | D:6      | Found a blossoming altar of Fedhas.
  8181 | D:6      | Found a shimmering altar of Xom.
  8184 | D:6      | Found a glowing golden altar of the Shining One.
  8424 | D:6      | Found a shadowy altar of Dithmenos.
  8978 | D:6      | Found a large runed translucent door.
  8978 | D:6      | Found a large runed translucent door.
  8980 | D:6      | Noticed Strat's ghost (amateur MiAK)
  9280 | D:6      | Bought a potion of berserk rage for 75 gold pieces
  9280 | D:6      | Bought a potion of attraction for 45 gold pieces
  9280 | D:6      | Bought 2 potions of heal wounds for 150 gold pieces
  9280 | D:6      | Bought a potion of lignification for 45 gold pieces
  9280 | D:6      | Bought a potion of curing for 45 gold pieces
  9327 | D:7      | Reached skill level 8 in Spellcasting
 10526 | D:8      | Found a burning altar of Makhleb.
 10559 | D:8      | Reached skill level 9 in Spellcasting
 10559 | D:8      | Reached XP level 10. HP: 60/68 MP: 0/0
 10603 | D:8      | Found an ornate altar of the Wu Jian Council.
 11391 | D:9      | Identified the +0 robe of Subjectivity {rN++ Str+4}
 11400 | D:9      | Identified the +0 robe "Kunnitaq" {Dex+2}
 11926 | D:9      | Found a staircase to the Lair.
 12024 | D:9      | Noticed a two-headed ogre
 12030 | D:9      | Killed a two-headed ogre
 12031 | D:9      | Reached skill level 10 in Spellcasting
 12465 | D:10     | Entered Level 10 of the Dungeon
 12485 | D:10     | Reached skill level 5 in Fighting
 12582 | D:10     | Found a transporter.
 12614 | D:10     | Noticed bnorton916's ghost (journeyman DECj)
 12615 | D:10     | Noticed a manticore
 12615 | D:10     | Noticed a moth of wrath
 12615 | D:10     | Noticed a komodo dragon
 13003 | D:10     | Found a transporter.
 13077 | D:10     | Found a bloodstained altar of Trog.
 13194 | D:10     | Noticed a kobold demonologist
 13201 | D:10     | Killed a kobold demonologist
 13250 | D:10     | Noticed a deep elf pyromancer
 13255 | D:10     | Killed a deep elf pyromancer
 13256 | D:10     | Reached XP level 11. HP: 68/76 MP: 0/0
 13256 | D:10     | Learned a level 5 spell: Lightning Bolt
 13409 | D:10     | Reached skill level 11 in Spellcasting
 14022 | D:6      | Bought 2 potions of curing for 90 gold pieces
 14022 | D:6      | Bought a potion of resistance for 150 gold pieces
 14022 | D:6      | Bought a potion of magic for 120 gold pieces
 14047 | D:6      | Killed Strat's ghost
 14516 | D:11     | Noticed a boulder beetle
 14805 | D:11     | Found a staircase to the Orcish Mines.
 14894 | D:11     | Noticed a manticore
 14908 | D:11     | Killed a manticore
 15346 | D:11     | Noticed a two-headed ogre
 15359 | D:11     | Killed a two-headed ogre
 15638 | D:11     | Killed a boulder beetle
 16098 | D:11     | Reached skill level 12 in Spellcasting
 16297 | D:12     | Noticed a cyclops
 16303 | D:12     | Noticed a manticore
 16304 | D:12     | Killed a cyclops
 16307 | D:12     | Killed a manticore
 16307 | D:12     | Noticed a two-headed ogre
 16312 | D:12     | Killed a two-headed ogre
 16313 | D:12     | Reached XP level 12. HP: 21/83 MP: 0/0
 16319 | D:12     | Noticed a two-headed ogre
 16322 | D:12     | Killed a two-headed ogre
 16741 | D:12     | Noticed a two-headed ogre
 16745 | D:12     | Killed a two-headed ogre
 16747 | D:12     | Noticed a two-headed ogre
 16749 | D:12     | Reached skill level 1 in Shields
 17091 | D:12     | Noticed a two-headed ogre
 17096 | D:12     | Killed a two-headed ogre
 17285 | D:12     | Killed a two-headed ogre
 17424 | D:12     | Reached skill level 13 in Spellcasting
 17437 | D:12     | Noticed a stone giant
 17446 | D:12     | Killed a stone giant
 17821 | D:12     | Noticed a flayed ghost
 17823 | D:12     | Killed a flayed ghost
 19298 | D:13     | Reached XP level 13. HP: 80/90 MP: 0/0
 19298 | D:13     | Learned a level 5 spell: Summon Forest
 19501 | D:13     | Noticed a boulder beetle
 19505 | D:13     | Killed a boulder beetle
 19662 | D:13     | Reached skill level 14 in Spellcasting
 19696 | D:13     | Reached skill level 5 in Stealth
 20039 | D:13     | Noticed a centaur warrior
 20044 | D:13     | Killed a centaur warrior
 20298 | D:13     | Noticed an eight-headed hydra
 20303 | D:13     | Killed an eight-headed hydra
 20366 | D:13     | Found Niamies's Distillery.
 20377 | D:13     | Bought a potion of curing for 42 gold pieces
 20377 | D:13     | Bought 2 potions of curing for 84 gold pieces
 20377 | D:13     | Bought a potion of might for 56 gold pieces
 20377 | D:13     | Bought a potion of curing for 42 gold pieces
 20377 | D:13     | Bought a potion of mutation for 112 gold pieces
 20796 | Lair:1   | Entered Level 1 of the Lair of Beasts
 20802 | Lair:1   | Identified a scroll of acquirement
 20802 | Lair:1   | Acquired 781 gold pieces
 21014 | Lair:1   | Noticed a five-headed hydra
 21017 | Lair:1   | Killed a five-headed hydra
 22254 | Lair:2   | Found a staircase to the Snake Pit.
 23264 | Lair:2   | Reached skill level 15 in Spellcasting
 23744 | Lair:3   | Noticed a catoblepas
 23749 | Lair:3   | Killed a catoblepas
 23750 | Lair:3   | Reached XP level 14. HP: 78/97 MP: 0/0
 24768 | Lair:3   | Found the +8 arc blade {discharge, rElec}
 25713 | Lair:3   | Identified the ring of Bevuevump {*Corrode rC- Str+9 Dex+6
                  | Slay+3}
 25722 | Lair:3   | Identified the ring "Epumm" {Contam Fly Will+ Str+6 Dex+4}
 25739 | Lair:3   | Bought a potion of heal wounds for 95 gold pieces
 25739 | Lair:3   | Bought 3 potions of curing for 171 gold pieces
 25739 | Lair:3   | Bought a potion of brilliance for 76 gold pieces
 26704 | Lair:4   | Reached skill level 16 in Spellcasting
 27598 | Lair:4   | Found a staircase to the Swamp.
 29097 | Lair:5   | Reached XP level 15. HP: 81/104 MP: 0/0
 29097 | Lair:5   | Learned a level 6 spell: Eringya's Noxious Bog
 29515 | Lair:6   | Entered Level 6 of the Lair of Beasts
 29580 | Lair:6   | Found a dark tunnel.
 29618 | Volcano  | Entered a volcano
 31698 | Lair:6   | Found a staircase to the Slime Pits.
 32078 | Lair:6   | Reached skill level 17 in Spellcasting
 33104 | Lair:3   | Identified the +13 chain mail of the Eternal Void {rPois
                  | Slay+5}
 33230 | Orc:1    | Entered Level 1 of the Orcish Mines
 33455 | Orc:2    | Entered Level 2 of the Orcish Mines
 33471 | Orc:2    | Noticed Urug
 33480 | Orc:2    | Killed Urug
 33730 | Orc:2    | Found Wefiunge's Antique Armour Shoppe.
 33738 | Orc:2    | Bought a shimmering troll leather armour for 680 gold
                  | pieces
 33738 | Orc:2    | Identified the +3 troll leather armour of the Monk {Regen+
                  | Int+5} (You bought it in a shop on level 2 of the Orcish
                  | Mines)
 33738 | Orc:2    | Bought a fine robe for 193 gold pieces
 33738 | Orc:2    | Identified the +1 robe "Paomiem" {Int+4} (You bought it in
                  | a shop on level 2 of the Orcish Mines)
 33751 | Orc:2    | Bought a scroll of torment for 120 gold pieces
 33751 | Orc:2    | Bought a scroll of identify for 32 gold pieces
 33751 | Orc:2    | Bought a scroll of identify for 32 gold pieces
 33751 | Orc:2    | Bought the +3 Elemental Staff {rElec rF++ rC++ Will++ AC+5}
                  | for 1518 gold pieces
 33751 | Orc:2    | Found the +3 Elemental Staff {rElec rF++ rC++ Will++ AC+5}
 34095 | Orc:2    | Noticed an orc warlord
 34105 | Orc:2    | Killed an orc warlord
 34214 | Orc:2    | Reached skill level 1 in Armour
 34241 | Orc:2    | Noticed Donald
 34244 | Orc:2    | Killed Donald
 34446 | Orc:2    | Found a staircase to the Elven Halls.
 34582 | Orc:2    | Found Ycine's Armour Shop.
 34582 | Orc:2    | Found Quesarch's Distillery.
 34601 | Orc:2    | Bought a potion of heal wounds for 80 gold pieces
 34601 | Orc:2    | Bought a potion of haste for 160 gold pieces
 34601 | Orc:2    | Bought a potion of heal wounds for 80 gold pieces
 34601 | Orc:2    | Bought 2 potions of curing for 96 gold pieces
 34601 | Orc:2    | Bought a potion of curing for 48 gold pieces
 34601 | Orc:2    | Bought a potion of curing for 48 gold pieces
 34868 | Orc:2    | Found Fualac's Magic Scroll Shop.
 34868 | Orc:2    | Found Vopsew's Distillery.
 34874 | Orc:2    | Bought a scroll of magic mapping for 42 gold pieces
 34874 | Orc:2    | Bought a scroll of teleportation for 36 gold pieces
 34874 | Orc:2    | Bought a scroll of identify for 24 gold pieces
 34874 | Orc:2    | Bought a scroll of magic mapping for 42 gold pieces
 34874 | Orc:2    | Bought a scroll of immolation for 42 gold pieces
 34874 | Orc:2    | Bought a scroll of identify for 24 gold pieces
 34874 | Orc:2    | Bought a scroll of identify for 24 gold pieces
 34874 | Orc:2    | Bought a scroll of magic mapping for 42 gold pieces
 34885 | Orc:2    | Bought a potion of curing for 39 gold pieces
 34885 | Orc:2    | Bought a potion of curing for 39 gold pieces
 34885 | Orc:2    | Bought a potion of curing for 39 gold pieces
 34885 | Orc:2    | Bought a potion of curing for 39 gold pieces
 34885 | Orc:2    | Bought a potion of curing for 39 gold pieces
 35011 | Orc:1    | Found Zidegoh's Distillery.
 35291 | Orc:1    | Noticed an orc warlord
 35301 | Orc:1    | Killed an orc warlord
 35302 | Orc:1    | Reached XP level 16. HP: 67/112 MP: 0/0
 35536 | Orc:1    | Bought a potion of curing for 48 gold pieces
 35536 | Orc:1    | Bought a potion of curing for 48 gold pieces
 35536 | Orc:1    | Bought a potion of curing for 48 gold pieces
 35924 | D:10     | Killed bnorton916's ghost
 36120 | Swamp:1  | Entered Level 1 of the Swamp
 36216 | Swamp:1  | Noticed Nikola
 36225 | Swamp:1  | Killed Nikola
 36506 | Swamp:1  | Identified Roxanne's Volume of Stones
 36506 | Swamp:1  | Noticed Roxanne
 36508 | Swamp:1  | Noticed a fenstrider witch
 36515 | Swamp:1  | Killed a fenstrider witch
 36592 | Swamp:1  | Killed Roxanne
 36895 | Swamp:2  | Reached skill level 18 in Spellcasting
 37233 | Swamp:2  | Noticed Suryr's ghost (adept GnWz)
 37247 | Swamp:2  | Noticed a thorn hunter
 37250 | Swamp:2  | Noticed a fenstrider witch
 37261 | Swamp:2  | Found a runed translucent gate.
 37261 | Swamp:2  | Found a runed translucent gate.
 37261 | Swamp:2  | Found a runed translucent gate.
 37349 | Swamp:2  | Killed a thorn hunter
 37418 | Swamp:2  | Reached skill level 10 in Fighting
 37428 | Swamp:2  | Killed Suryr's ghost
 37429 | Swamp:2  | Killed a fenstrider witch
 38186 | Swamp:3  | Reached XP level 17. HP: 111/119 MP: 0/0
 38186 | Swamp:3  | Learned a level 7 spell: Orb of Destruction
 38305 | Swamp:4  | Entered Level 4 of the Swamp
 38652 | Swamp:4  | Reached skill level 5 in Dodging
 38696 | Swamp:4  | Reached skill level 1 in Staves
 38696 | Swamp:4  | Reached skill level 19 in Spellcasting
 39102 | Swamp:4  | Noticed a thorn hunter
 39113 | Swamp:4  | HP: 4/120 [thorn hunter/volley of thorns (29)]
 39113 | Swamp:4  | Killed from afar by a thorn hunter

Illustrated notes

Levels and vault maps discovered:
D:1:      dpeg_arrival_circle_labyrinth_b, layout_basic
D:2:      layout_rooms, basic_altar, hellmonk_ecumenical_altar_leap_of_faith,
          roderic_roman_lattice
D:3:      layout_loops_cross, mainiacjoe_overflow_concentric_impassable,
          cheibriados_altar_1
D:4:      layout_cave_pools, old_standard_altar, minmay_misc_feat_chi,
          uniq_crazy_yiuf_cottage, uniq_ijyb
D:5:      layout_layer_cave, mainiacjoe_overflow_two_lobes
D:6:      minmay_skewed_foursquare, layout_rooms, kennysheep_mini,
          grunt_temple_overflow_cloverleaf, temple_statues,
          ebering_ghost_disaster_area, chequers_big_river, columned_hall_lemuel,
          minmay_lizard_king
D:7:      layout_cave_pools
D:8:      layout_cave_pods, lemuel_crystal_altar,
          mainiacjoe_overflow_six_doors_small
D:9:      layout_cave_pools, lair_entry_dummy, serial_glass, glass_columns_b,
          glass_columns_a
D:10:     layout_loops_corners, lemuel_tele_altar,
          gammafunk_ghost_berserking_beasts, minmay_misc_feat_five
D:11:     layout_basic, orc_0_dummy, kennysheep_generic_room_8
D:12:     minmay_the_grid_net [minmay_the_grid_minigrid_large,
          minmay_the_grid_pillar_ring, minmay_the_grid_outer_diamond,
          minmay_the_grid_stretched_grid, minmay_the_grid_box_x,
          minmay_the_grid_prize_diamond_cup], layout_cave_pools, special_room
          [special_room_orc]
D:13:     layout_long_grid, serial_shops, shop
Lair:1:   layout_small_grid, serial_bayou_shore_b
Lair:2:   layout_misc_corridors, guppyfry_snake_entry_garden, grunt_megastairs_4
Lair:3:   layout_small_grid, minmay_lair_oklob_chamber
Lair:4:   layout_regular_city, nicolae_swamp_entry_splash_gauntlet,
          st_stairs_12, beast_lair_carwin_11, grunt_megastairs_3
Lair:5:   layout_regular_city, grunt_megastairs_2, infiniplex_staircase_pool_2
Lair:6:   evilmike_catoblepas_cave, layout_regular_city, slime_dummy,
          enter_volcano_4
Swamp:1:  layout_basic_swamp, evilmike_swamp_ruin_house_3, swamp_pool2,
          nicolae_swamp_some_circles, infiniplex_staircase_pool, uniq_nikola,
          uniq_roxanne
Swamp:2:  layout_basic_swamp, gammafunk_ghost_split, nicolae_swamp_tree_isthmus,
          swamp_pool3
Swamp:3:  layout_basic_swamp, evilmike_swamp_ruin_house_6, swamp_pool4,
          nicolae_swamp_well_well_well
Swamp:4:  byrel_swamp_growth_death_and_undeath, layout_basic_swamp
Orc:1:    cheibrodos_orc_bank, layout_diamond_mine, serial_shops, shop_statue
Orc:2:    st_orc_town, layout_diamond_mine, serial_shops, shop, uniq_urug,
          uniq_donald

Skill      XL: |  1  2  3  4  5  6  7  8  9 10 11 12 13 14 15 16 17 |
---------------+----------------------------------------------------+-----
Spellcasting   | 3 4 5 7 9 10 12 13 15 16 17 18 19 | 19.2
Fighting       | 1 2 3 4 5 6 7 8 9 10 | 10.5
Stealth        | 2 3 4 5 |  5.3
Short Blades   | 1 2 |  2.7
Dodging        | 3 4 5 |  5.1
Shields        | 1 2 3 |  3.9
Armour         | 1 3 4 |  4.8
Staves         | 1 |  1.1

Action                   |  1- 3 |  4- 6 |  7- 9 | 10-12 | 13-15 | 16-18 || total
-------------------------+-------+-------+-------+-------+-------+-------++-------
Melee: Short sword       |    11 |    25 |    16 |    11 |     7 |       ||    70
       Staff             |       |       |       |       |    12 |    22 ||    34
       Rapier            |       |       |       |       |     2 |       ||     2
 Cast: Foxfire           |    90 |    61 |   290 |   296 |       |       ||   737
       Sticky Flame      |       |     1 |    17 |    20 |    33 |    26 ||    97
       Fireball          |       |       |     1 |    82 |   330 |   170 ||   583
       Summon Lightning  |       |       |       |    15 |    71 |    26 ||   112
       Lightning Bolt    |       |       |       |     3 |    52 |     4 ||    59
       Call Imp          |       |       |       |     3 |       |       ||     3
       Summon Forest     |       |       |       |       |    14 |    24 ||    38
       Eringya's Noxious |       |       |       |       |     2 |       ||     2
Invok: Call Merchant     |       |       |     1 |       |     2 |       ||     3
Evoke: Box of beasts     |       |       |       |       |       |     1 ||     1
  Use: Potion            |       |     5 |       |       |     2 |     5 ||    12
       Scroll            |       |       |     3 |     3 |    13 |     2 ||    21
 Stab: Sleeping          |     1 |     1 |     1 |     1 |       |       ||     4
       Distracted        |       |       |       |     1 |       |       ||     1
Armor: Robe              |     5 |     7 |     6 |    16 |    13 |       ||    47
       Troll leather arm |       |       |       |       |     8 |    46 ||    54
Dodge: Dodged            |    21 |    31 |    29 |    16 |    20 |    35 ||   152
Block: Kite shield       |       |       |     1 |    44 |    75 |    53 ||   173
       Reflection        |       |       |       |    10 |    11 |     3 ||    24
